AoeStats
← 養成計畫

Black Forest

510368063Analyzed
2v2 RM · 1d ago on Sep 30, 2026· 97m 34s· 4 players
Game mode
Random Map
Map size
Medium (4 player)
Population
200
Speed
Normal
Resources
Standard
Victory
Conquest
Starting age
Dark Age
Ending age
Imperial Age
RankedLock teamsTeams togetherTeam positionsShared explorationLock speedFull tech treeHidden civsTurbo modeCheats
Victory
Defeat
🇦🇷 Khmer · Argentina
1050
+15
🇦🇷 Poles · Argentina
1050
+15
🇫🇷 Khitans · France
1036
-15
🇹🇷 Turks · Türkiye
1028
-15
Quila
7:48 Loom
12:59 Feudal Age
17:22 Castle Age
21:58 Imperial Age
20:37 Double-Bit Axe
23:58 Wheelbarrow
34:46 Gold Mining
35:09 Bow Saw
34:42 Horse Collar
Gen.LuneZ
10:37 Feudal Age
11:18 Double-Bit Axe
12:14 Gold Mining
18:43 Castle Age
17:36 Domestication
17:49 Stone Mining
20:48 Bow Saw
22:38 Wheelbarrow
22:42 Pastoralism
24:47 Hand Cart
26:43 Stone Shaft Mining
27:20 Caravan
32:32 Imperial Age
30:32 Forging
30:23 Scale Mail Armor
30:31 Husbandry
32:08 Ballistics
32:01 Fortified Wall
31:18 Light Cavalry
32:36 Heavy Rocket Cart
32:39 Capped Ram
32:41 Man-at-Arms
33:07 Gambesons
33:22 Squires
32:43 Pikeman
33:09 Arson
33:30 Elite Fire Lancer
36:04 Iron Casting
35:44 Chain Mail Armor
35:35 Scale Barding Armor
35:03 Hussar
36:20 Ordo Cavalry
36:51 Transhumance
36:50 Heavy Camel Rider
38:23 Plate Mail Armor
40:22 Chain Barding Armor
40:24 Elite Steppe Lancer
42:30 Fervor
41:58 Siege Ram
43:14 Long Swordsman
45:09 Two-Handed Swordsman
47:10 Champion
48:09 Lamellar Armor
48:25 Conscription
48:36 Siege Engineers
49:33 Chemistry
48:44 Masonry
48:26 Guard Tower
53:54 Two-Man Saw
53:13 Crossbowman
54:00 Thumb Ring
55:21 Plate Barding Armor
54:37 Fletching
59:39 Guilds
62:42 Bodkin Arrow
62:47 Padded Archer Armor
62:40 Elite Liao Dao
68:06 Heavy Cavalry Archer
69:13 Parthian Tactics
68:56 Bracer
69:22 Leather Archer Armor
養成計畫
11:41 Feudal Age
14:43 Castle Age
13:00 Double-Bit Axe
18:37 Loom
19:31 Wheelbarrow
23:51 Bow Saw
23:24 Horse Collar
23:40 Gold Mining
25:09 Hand Cart
25:05 Elite Skirmisher
26:10 Fletching
26:20 Padded Archer Armor
27:25 Bodkin Arrow
37:47 Gold Shaft Mining
43:34 Imperial Age
40:51 Town Watch
43:24 Pikeman
44:03 Halberdier
45:16 Conscription
45:17 Scale Mail Armor
45:27 Forging
45:18 Bracer
51:50 Leather Archer Armor
52:11 Iron Casting
51:51 Chain Mail Armor
53:47 Town Patrol
54:52 Blast Furnace
54:23 Ring Archer Armor
54:36 Stone Mining
64:44 Man-at-Arms
87:21 Arson
Lannister
5:02 Loom
12:07 Feudal Age
17:23 Castle Age
15:37 Horse Collar
16:07 Double-Bit Axe
18:55 Bow Saw
19:03 Heavy Plow
22:16 Wheelbarrow
24:00 Gold Mining
24:01 Stone Mining
26:05 Hand Cart
28:46 Imperial Age
27:54 Scale Barding Armor
27:46 Light Cavalry
28:29 Husbandry
30:06 Stone Shaft Mining
29:44 Bloodlines
30:10 Chain Barding Armor
30:01 Forging
30:33 Conscription
30:47 Lechitic Legacy
30:47 Winged Hussar
33:12 Iron Casting
34:43 Crop Rotation
36:01 Squires
35:46 Arson
36:18 Elite Obuch
37:34 Hoardings
37:39 Town Watch
38:46 Szlachta Privileges
38:40 Cavalier
41:20 Blast Furnace
44:52 Scale Mail Armor
45:24 Caravan
45:55 Coinage
55:34 Chain Mail Armor
69:26 Pikeman
72:03 Capped Ram
76:05 Siege Ram
Connection lost

Rejoining the realm…

Still unreachable

The connection could not be restored.

Session expired

The server has moved on; the page needs a fresh start.